 Dungeon Crawl Stone Soup version 0.24-a0-458-gfcb5e6da0e (webtiles) character file.

Game seed: 9387518743135950744

42 Kuinu the Skirmisher (level 3, -7/33 HPs)
             Began as a Draconian Berserker on June 26, 2019.
             Was a Believer of Trog.
             Mangled by Sigmund
             ... wielding a cursed -2 scythe
              (8 damage)
             ... on level 3 of the Dungeon.
             The game lasted 00:02:13 (1922 turns).

Kuinu the Skirmisher (Draconian Berserker)          Turns: 1922, Time: 00:02:13

Health: -7/33      AC:  5    Str: 19    XL:     3   Next: 35%
Magic:  3/3        EV: 13    Int:  7    God:    Trog [**....]
Gold:   100        SH:  0    Dex: 11    Spells: 2/2 levels left

rFire    + + .     SeeInvis .   a - +0 falchion
rCold    . . .     Gourm    .   (no shield)
rNeg     . . .     Faith    .   (armour unavailable)
rPois    +         Spirit   .   (helmet restricted)
rElec    +         Reflect  .   (no cloak)
rCorr    +         Harm     .   (no gloves)
MR       .....                  (no boots)
Stlth    +.........             (no amulet)
HPRegen  0.11/turn              i - ring of fire
MPRegen  0.08/turn              f - +1 ring of slaying

@: resistant, berserk cooldown, flying, starving
A: unfitting armour, cold-blooded, AC +5
a: Berserk, Trog's Hand, Renounce Religion


You were on level 3 of the Dungeon.
You worshipped Trog.
Trog was pleased with you.
You were starving.

You visited 1 branch of the dungeon, and saw 3 of its levels.

You collected 100 gold pieces.

Inventory:

Hand Weapons
 a - a +0 falchion (weapon)
Jewellery
 f - a +1 ring of slaying (right hand)
 i - a ring of fire (left hand)
Scrolls
 c - 4 scrolls of fear {unknown}
 e - 2 scrolls of remove curse {unknown}
 g - 3 scrolls of identify {unknown}
 j - 2 scrolls of blinking {unknown}
Potions
 l - 2 potions of agility
Comestibles
 b - 6 rations


   Skills:
 * Level 3.9 Fighting
 * Level 3.5 Long Blades
 * Level 3.2 Dodging


You had 2 spell levels left.
You didn't know any spells.
Your spell library was empty.

Dungeon Overview and Level Annotations

Branches:
Dungeon (3/15)

Altars:

Annotations:
D:3 Sigmund


Innate Abilities, Weirdness & Mutations

Your plain brown scales are hard. (AC +5)
You cannot fit into any form of body armour.
You are cold-blooded and may be slowed by cold attacks.


Message History

The magic dart hits you.
* * * LOW HITPOINT WARNING * * *
Okay, then.
It was a potion of agility.
You feel agile all of a sudden. Something closely misses you.
It was a potion of cancellation.
Your magical effects are unravelling.
You feel magically purged.
You feel yourself speed up.
You feel a little less agile now. Something barely misses you.
Okay, then.
You closely miss something. Something hits you!
* * * LOW HITPOINT WARNING * * *
It was a potion of resistance.
You feel protected.
It was a potion of flight.
You feel very buoyant.
You fly up into the air.
Something hits you!
You die...

#........##
#.........#
#..........
#..........
#..........
#....?....?
#.........#
#.<@{.....#
##+##+#.###


There were no monsters in sight!

Vanquished Creatures
  An adder (D:2)
  A dart slug (D:1)
  A leopard gecko (D:2)
  2 giant cockroaches (D:2)
  7 goblins
  2 hobgoblins (D:1)
  3 jackals (D:1)
  2 kobolds
  A quokka (D:2)
  4 bats
  2 frilled lizards
  A rat (D:1)
27 creatures vanquished.

Notes
Turn   | Place    | Note
-------+----------+-------------------------------------------
     0 | D:1      | Kuinu the Draconian Berserker began the quest for the Orb.
     0 | D:1      | Reached XP level 1. HP: 19/19 MP: 1/1
   321 | D:1      | Reached XP level 2. HP: 23/26 MP: 2/2
  1448 | D:2      | Reached XP level 3. HP: 33/33 MP: 3/3
  1900 | D:3      | Noticed Sigmund
  1904 | D:3      | Reached ** piety under Trog
  1920 | D:3      | HP: 1/33 [something (9)]
  1922 | D:3      | Mangled by Sigmund

Levels and vault maps discovered:
D:1:      dpeg_arrival_rooms_c, layout_basic
D:2:      layout_basic, first_ration
D:3:      layout_basic, uniq_sigmund, uniq_terence

Skill      XL: |  1  2 |
---------------+-------+-----
Dodging        | 3 |  3.2
Fighting       | |  3.9
Long Blades    | |  3.5

Action                   || total
-------------------------++-------
Melee: Falchion          ||    86
       Tailslap          ||    16
Invok: Berserk           ||     1
  Use: Potion            ||     4
 Stab: Sleeping          ||     1
  Eat: Chunk             ||     2
Armor: Skin              ||    25
Dodge: Dodged            ||    60
       Rpst.: Falchion   ||    13

Table legend:
 A = Non-vault XP
 B = Vault XP
 C = Vault XP percentage of total XP
 D = Non-vault monster count
 E = Vault monster count
 F = Vault count percentage of total count
                 A         B        C        D         E       F
            +---------+---------+-------+---------+---------+-------
      Total |      61 |       0 |   0.0 |      27 |       0 |   0.0
            +---------+---------+-------+---------+---------+-------
        D:1 |      27 |       0 |   0.0 |      14 |       0 |   0.0
        D:2 |      30 |       0 |   0.0 |      10 |       0 |   0.0
        D:3 |       4 |       0 |   0.0 |       3 |       0 |   0.0
            +---------+---------+-------+---------+---------+-------
